 Dungeon Crawl Stone Soup version 0.23.0 (webtiles) character file.

Game seed: 272380058321336553

144708 inmateoo the Impaler (level 16, -1/149 HPs)
             Began as a Minotaur Fighter on Feb 8, 2019.
             Was the Champion of Okawaru.
             Slain by a wolf spider (20 damage)
             ... on level 4 of the Spider Nest.
             The game lasted 00:39:42 (26901 turns).

inmateoo the Impaler (Minotaur Fighter)            Turns: 26901, Time: 00:39:42

Health: -1/149     AC: 27    Str: 31    XL:     16   Next: 85%
Magic:  0/20       EV: 11    Int:  5    God:    Okawaru [******]
Gold:   1107       SH: 22    Dex: 11    Spells: 15/15 levels left

rFire    + . .     SeeInvis .   p - +3 demon trident (elec)
rCold    + . .     Gourm    .   c - +0 shield
rNeg     + + .     Faith    .   b - +0 crystal plate armour
rPois    +         Spirit   +   M - +2 hat of the Bear Spirit {Spirit, +Rage rN+ MR++}
rElec    .         Reflect  +   m - scarf {rC+ rF+}
rCorr    +         Harm     .   N - -3 pair of gloves of Eternity {rN+ rCorr Str+4 Slay+2}
MR       +++..                  D - +1 pair of boots
Stlth    ..........             L - brooch of Shielding {Reflect SH+8}
HPRegen  0.34/turn              Y - +2 ring of slaying
MPRegen  0.17/turn              s - ring of poison resistance

@: lethally poisoned (-1 -> -24), very slightly contaminated
A: retaliatory headbutt, horns 2
a: Heroism, Finesse, Renounce Religion, Evoke Berserk Rage


You were on level 4 of the Spider Nest.
You worshipped Okawaru.
Okawaru was exalted by your worship.
You were not hungry.

You visited 5 branches of the dungeon, and saw 28 of its levels.
You also visited: Ossuary and Gauntlet.

You collected 2358 gold pieces.
You spent 1251 gold pieces at shops.

Inventory:

Hand Weapons
 p - a +3 demon trident of electrocution (weapon)
 P - a +0 battleaxe
Missiles
 u - 4 throwing nets
 Q - 12 javelins of returning (quivered)
Armour
 b - a +0 crystal plate armour (worn)
 c - a +0 shield (worn)
 m - a scarf of resistance (worn)
 D - a +1 pair of boots (worn)
 M - the +2 hat of the Bear Spirit (worn) {Spirit, +Rage rN+ MR++}
   (You bought it in a shop on level 2 of the Orcish Mines)

   It protects you from negative energy.
   It affects your resistance to hostile enchantments.
   It lets you go berserk.
 N - the -3 pair of gloves of Eternity (worn) {rN+ rCorr Str+4 Slay+2}
   (You found it in a Gauntlet)

   It affects your strength (+4).
   It affects your accuracy and damage with ranged weapons and melee attacks
   (+2).
   It protects you from negative energy.
   It provides partial protection from all sources of acid and corrosion.
Jewellery
 s - a ring of poison resistance (right hand)
 x - an uncursed ring of fire
 z - an uncursed ring of wizardry
 E - an uncursed ring of ice
 J - an uncursed ring of protection from fire
 L - the brooch of Shielding (around neck) {Reflect SH+8}
   (You found it in a Gauntlet)

   [amulet of reflection]

   It shields you and reflects attacks.
   It affects your SH (+8).
 Y - a +2 ring of slaying (left hand)
Wands
 e - a wand of polymorph (20)
 q - a wand of paralysis (13)
 w - a wand of scattershot (1)
 F - a wand of enslavement (36)
 K - a wand of digging (12)
 S - a wand of acid (27)
 X - a wand of flame (26)
 Z - a wand of disintegration (9)
Scrolls
 g - 11 scrolls of remove curse
 i - 8 scrolls of blinking
 k - 2 scrolls of enchant armour
 n - 15 scrolls of teleportation
 o - 3 scrolls of magic mapping
 t - 2 scrolls of amnesia
 y - 6 scrolls of fog
 R - 14 scrolls of identify
Potions
 a - 3 potions of mutation
 d - 11 potions of might
 h - 2 potions of cancellation
 j - a potion of brilliance
 l - 5 potions of curing
 r - a potion of ambrosia
 v - 8 potions of lignification
 A - 3 potions of invisibility
 B - 5 potions of flight
 C - 5 potions of heal wounds
 G - 5 potions of berserk rage
 H - 4 potions of haste
 I - a potion of magic
 O - 3 potions of resistance
 V - a potion of agility
Miscellaneous
 T - a lamp of fire (inert)
 U - a sack of spiders
Comestibles
 f - 25 rations


   Skills:
 + Level 15.3 Fighting
 * Level 10.0(15.3) Axes
 - Level 18.4(19.1) Polearms
 + Level 15.3 Armour
 - Level 12.0 Dodging
 - Level 14.0 Shields
 - Level 7.0 Invocations


You had 15 spell levels left.
You didn't know any spells.
Your spell library contained the following spells:

 Spells                   Type           Power        Failure   Level  Hunger
 Apportation              Tloc           #.....       100%        1    ##.....
 Freeze                   Ice            #...         100%        1    ##.....
 Summon Butterflies       Summ           #.......     100%        1    ##.....
 Poisonous Vapours        Pois/Air       #.....       100%        2    ###....
 Throw Frost              Conj/Ice       #.....       100%        2    ###....
 Conjure Flame            Conj/Fire      #.......     100%        3    ####...
 Lesser Beckoning         Tloc           #.........   100%        3    ####...
 Mephitic Cloud           Conj/Pois/Air  #.......     100%        3    ####...
 Ozocubu's Armour         Chrm/Ice       #.......     100%        3    ####...
 Summon Guardian Golem    Hex/Summ       #.......     100%        3    ####...
 Tukima's Dance           Hex            #.......     100%        3    ####...
 Summon Ice Beast         Ice/Summ       #.......     100%        4    #####..
 Summon Lightning Spire   Summ/Air       #.......     100%        4    #####..
 Throw Icicle             Conj/Ice       #.......     100%        4    #####..
 Alistair's Intoxication  Tmut/Pois      #.......     100%        5    ######.
 Irradiate                Conj/Tmut      #.........   100%        5    ######.
 Freezing Cloud           Conj/Ice/Air   #.........   100%        6    #######
 Hydra Form               Tmut           #.........   100%        6    #######
 Invisibility             Hex            #.......     100%        6    #######
 Statue Form              Tmut/Erth      #........    100%        6    #######
 Dragon Form              Tmut           #.........   100%        7    #######
 Ring of Flames           Chrm/Fire      #.........   100%        7    #######
 Dragon's Call            Summ           #.........   100%        9    #######


Dungeon Overview and Level Annotations

Branches:
Dungeon (15/15)            Temple (1/1) D:5            Lair (6/6) D:8
 Shoals (0/4) Lair:4       Spider (4/4) Lair:4        Slime (0/5) Lair:6
    Orc (2/2) D:11            Elf (0/3) Orc:2        Vaults (0/5) D:14
 Depths (0/5) D:15

Altars:
Ashenzari
Cheibriados
Dithmenos
Elyvilon
Fedhas
Gozag
Hepliaklqana
Kikubaaqudgha
Makhleb
Nemelex Xobeh
Okawaru
Qazlal
Ru
Sif Muna
Trog
Uskayaw
Vehumet
Wu Jian
Xom
Yredelemnul
Zin
The Shining One
Beogh
Jiyva

Shops:
D:5 *[%}   D:7 *   D:14 !   Orc:2 [*(%:*[:

Portals:
Pandemonium: Orc:2

Annotations:
D:6 1 runed translucent door, Killmatronix's ghost, novice MiFE
D:9 3 runed translucent doors, Enish's ghost, novice OpMo
D:10 2 transporters, Cynry's ghost, journeyman FoHu


Innate Abilities, Weirdness & Mutations

You reflexively headbutt those who attack you in melee.
You have a pair of horns on your head.


Message History

The jumping spider pounces on you but does no damage.
You block the jumping spider's attack.
The jumping spider leaps!
The wolf spider hits you but does no damage.
The wolf spider closely misses you. The jumping spider barely misses you.
The jumping spider closely misses you.
You block the wolf spider's attack. x2; The jumping spider leaps!
You block the jumping spider's attack.
The jumping spider completely misses you.
The wolf spider hits you.
* * * LOW HITPOINT WARNING * * *
The wolf spider bites you.
* * * LOW HITPOINT WARNING * * *
You are poisoned.
The wolf spider poisons you!
The jumping spider leaps!
The jumping spider pounces on you!
* * * LOW HITPOINT WARNING * * *
You block the jumping spider's attack. The wolf spider barely misses you.
The wolf spider bites you but does no damage.
The wolf spider hits you!!
You die...

#s.^..
#.#.......
.#...... #
...#.... #.
#.....##
...#s....§#
.........##
##....ss##
#.....@s≈#
#...○..≈°.#
......s≈.^s#
.##...○y.....
#.$.°.s..s^.#
#..........##
#.....^....#
s..........#


You could see a demonic crawler, 3 wolf spiders, a moth of wrath, an orb spider
(fleeing), 2 jumping spiders and 2 redbacks.

Vanquished Creatures
  Nikola (Spider:4)
  Asterion (Spider:3)
  Agnes (Spider:1)
  Gastronok (Lair:2)
  Roxanne (D:15)
  3 emperor scorpions
  3 ghost moths
  An ironheart preserver (D:14)
  A very ugly thing (D:13)
  An entropy weaver (Spider:1)
  Azrael (D:13)
  Nessos (D:13)
  A minotaur (Gauntlet)
  A fire dragon (D:14)
  Harold (D:9)
  Josephine (D:13)
  A yaktaur captain (D:12)
  3 hydras
  A catoblepas (Lair:6)
  A hell beast (Gauntlet)
  2 centaur warriors
  A merfolk avatar (Lair:6)
  6 two-headed ogres
  Urug (D:13)
  2 tengu warriors (D:14)
  5 orc high priests (Orc:2)
  A soul eater (Orc:2)
  A sun demon (Orc:2)
  A sixfirhy (Orc:2)
  A skeletal warrior (D:12)
  2 unseen horrors
  3 torturous demonspawn (Orc:2)
  An infernal demonspawn (Orc:2)
  A harpy (Lair:6)
  A glowing orange brain (D:15)
  8 orb spiders
  A wizard (D:13)
  Pikel (D:6)
  5 orc knights (Orc:2)
  2 deep elf magi (D:15)
  22 wolf spiders
  7 orc sorcerers (Orc:2)
  2 cyclopes
  9 ugly things
  7 elephants
  7 black mambas
  4 manticores
  A gargoyle (D:13)
  An ice statue (Gauntlet)
  6 centaur skeletons
  10 spiny frogs
  A freezing wraith (D:14)
  2 kobold demonologists
  13 komodo dragons
  5 rime drakes
  An ice devil (Orc:2)
  A hellwing (Orc:2)
  3 demonic crawlers
  A red devil (Orc:2)
  A jumping spider (shapeshifter) (D:15)
  8 trolls
  33 jumping spiders
  10 polar bears
  A wind drake (Lair:6)
  2 hornets
  4 slime creatures
  A wind drake (shapeshifter) (D:15)
  5 hippogriffs
  7 blink frogs
  Prince Ribbit (D:9)
  A meliai zombie (D:13)
  4 dream sheep (Lair:6)
  2 centaur simulacra (Gauntlet)
  A spriggan (D:10)
  2 shadows
  12 tarantellas
  5 wraiths
  A ynoxinul (Orc:2)
  4 water elementals (D:13)
  4 wyverns
  64 redbacks
  2 basilisks
  53 yaks
  4 fire elementals (D:13)
  Grum (D:9)
  2 steam dragons
  4 vampire mosquitoes
  2 hungry ghosts
  5 soldier ants
  3 acid dragons
  A hydra simulacrum (Gauntlet)
  14 water moccasins
  8 porcupines
  4 hell hounds
  34 orc warriors
  A black bear (D:12)
  6 ice beasts
  3 sky beasts
  An ice beast (shapeshifter) (D:15)
  4 phantoms
  An eye of draining (D:15)
  A slave (D:6)
  An eye of draining (shapeshifter) (D:15)
  A necrophage (D:10)
  A hornet zombie (D:10)
  11 ogres
  12 wolves
  11 centaurs
  17 crocodiles
  4 big kobolds
  14 bullfrogs
  A wyvern zombie (D:6)
  A water moccasin zombie (D:7)
  A wyvern skeleton (D:15)
  3 scorpions
  7 killer bees
  6 wights
  2 howler monkeys
  10 electric eels
  A vampire bat (D:15)
  4 bullfrog zombies
  2 centaur zombies
  2 quasits (D:10)
  9 crimson imps
  2 hounds (D:5)
  3 jellies
  24 orc priests
  3 bullfrog skeletons
  21 orc wizards
  2 iguanas
  11 worker ants
  A big kobold zombie (Ossuary)
  A bullfrog simulacrum (D:12)
  A hound skeleton (D:8)
  8 mummies (Ossuary)
  A howler monkey skeleton (D:4)
  A howler monkey zombie (D:11)
  A worker ant zombie (D:6)
  12 adders
  4 shadow imps
  3 white imps (D:12)
  2 ufetubi (D:12)
  4 oozes
  An adder skeleton (D:8)
  A worm (D:2)
  A dart slug (D:2)
  3 leopard geckos
  81 orcs
  3 ball pythons
  2 giant cockroaches
  7 goblins
  5 hobgoblins
  6 jackals
  28 kobolds
  4 quokkas
  12 bats
  9 frilled lizards
  A giant cockroach zombie (D:5)
  4 hobgoblin zombies (Ossuary)
  A jackal skeleton (D:4)
  A jackal zombie (D:6)
  3 kobold zombies (Ossuary)
  A quokka skeleton (D:5)
  A quokka zombie (D:3)
  3 rats
  A plant (D:13)
907 creatures vanquished.

Vanquished Creatures (others)
  2 centaur warriors (D:13)
  A hornet (Spider:4)
  A slave (D:6)
  A black bear (D:10)
  4 centaurs
  An iguana (D:6)
  An orc wizard (D:3)
  3 orcs (Orc:2)
  A goblin (D:3)
  A kobold (D:12)
  A fungus (Lair:6)
  6 plants
23 creatures vanquished.

Grand Total: 930 creatures vanquished

Notes
Turn   | Place    | Note
-------+----------+-------------------------------------------
     0 | D:1      | inmateoo the Minotaur Fighter began the quest for the Orb.
     0 | D:1      | Reached XP level 1. HP: 19/19 MP: 0/0
   277 | D:1      | Reached XP level 2. HP: 27/27 MP: 1/1
   391 | D:2      | Reached skill level 3 in Polearms
   456 | D:2      | Found a glowing silver altar of Zin.
   551 | D:2      | Reached XP level 3. HP: 25/33 MP: 2/2
   806 | D:2      | Found a radiant altar of Vehumet.
   916 | D:3      | Reached skill level 4 in Polearms
   916 | D:3      | Reached XP level 4. HP: 34/40 MP: 3/3
  1207 | D:3      | Reached XP level 5. HP: 45/47 MP: 4/4
  1745 | D:4      | Reached skill level 5 in Polearms
  1752 | D:4      | Reached XP level 6. HP: 12/55 MP: 5/5
  2004 | D:4      | Reached skill level 5 in Fighting
  2149 | D:4      | Reached skill level 5 in Armour
  2149 | D:4      | Reached skill level 5 in Shields
  2398 | D:4      | Found a glowing golden altar of the Shining One.
  2502 | D:5      | Entered Level 5 of the Dungeon
  2521 | D:5      | Found Viabburo's Assorted Antiques.
  2528 | D:5      | Found Jopoin's Antique Armour Shoppe.
  2534 | D:5      | Reached skill level 6 in Polearms
  2535 | D:5      | Found an ornate altar of the Wu Jian Council.
  2561 | D:5      | Reached XP level 7. HP: 56/61 MP: 6/6
  2601 | D:5      | Found a basalt altar of Yredelemnul.
  2720 | D:5      | Found Hekasyxa's Food Boutique.
  2734 | D:5      | Found a bloodstained altar of Trog.
  2835 | D:5      | Found a staircase to the Ecumenical Temple.
  2845 | D:5      | Found Fulology's Gadget Shoppe.
  2872 | Temple   | Entered the Ecumenical Temple
  2962 | Temple   | Became a worshipper of Warmaster Okawaru
  2992 | D:5      | Found a sparkling altar of Nemelex Xobeh.
  3091 | D:6      | Found a runed translucent door.
  3093 | D:6      | Noticed Killmatronix's ghost (novice MiFE)
  3100 | D:6      | Found a sand-covered staircase.
  3118 | D:6      | Reached skill level 7 in Polearms
  3278 | Ossuary  | Entered an ossuary
  3507 | Ossuary  | Reached skill level 1 in Invocations
  3521 | Ossuary  | Reached XP level 8. HP: 54/70 MP: 7/7
  3756 | D:6      | Noticed Pikel
  3775 | D:6      | Killed Pikel
  3775 | D:6      | Reached skill level 8 in Polearms
  3850 | D:6      | Found a shadowy altar of Dithmenos.
  3858 | D:6      | Reached * piety under Okawaru
  4053 | D:6      | Reached XP level 9. HP: 79/79 MP: 10/10
  4145 | D:6      | Reached ** piety under Okawaru
  4145 | D:6      | Reached skill level 9 in Polearms
  4359 | D:6      | Found a shattered altar of Ashenzari.
  4359 | D:6      | Found a hazy altar of Hepliaklqana.
  4649 | D:7      | Noticed a two-headed ogre
  4662 | D:7      | Killed a two-headed ogre
  4662 | D:7      | Reached skill level 1 in Dodging
  4788 | D:7      | Found a stormy altar of Qazlal.
  4834 | D:7      | Reached *** piety under Okawaru
  4954 | D:7      | Found Gozag's Platinum Reserve.
  4965 | D:7      | Found an opulent altar of Gozag.
  5331 | D:7      | Reached skill level 10 in Polearms
  6056 | D:8      | Reached XP level 10. HP: 86/88 MP: 12/12
  6150 | D:8      | Reached **** piety under Okawaru
  6319 | D:8      | Found a staircase to the Lair.
  6385 | D:8      | Reached skill level 11 in Polearms
  6534 | D:8      | Found a deep blue altar of Sif Muna.
  6595 | D:9      | Noticed Grum
  6605 | D:9      | Reached skill level 5 in Invocations
  6618 | D:9      | Killed Grum
  6627 | D:9      | Found a runed translucent gate.
  6773 | D:9      | Found a runed translucent gate.
  6774 | D:9      | Found a runed translucent gate.
  6880 | D:9      | Noticed Enish's ghost (novice OpMo)
  6900 | D:9      | Reached ***** piety under Okawaru
  6945 | D:9      | Noticed Prince Ribbit
  6987 | D:9      | Killed Prince Ribbit
  7042 | D:9      | Noticed Harold
  7065 | D:9      | Killed Harold
  7229 | D:9      | Noticed an 11-headed hydra
  7262 | D:10     | Entered Level 10 of the Dungeon
  7329 | D:10     | Reached XP level 11. HP: 89/97 MP: 14/14
  7348 | D:10     | Received a gift from Okawaru
  7537 | D:10     | Reached skill level 5 in Dodging
  7583 | D:10     | Reached skill level 12 in Polearms
  7601 | D:10     | Found a transporter.
  7601 | D:10     | Noticed Cynry's ghost (journeyman FoHu)
  7603 | D:10     | Found a transporter.
  7603 | D:10     | Noticed a two-headed ogre
  7603 | D:10     | Identified the +5 great mace of Death {drain, *Noise rPois
                  | SInv}
  7603 | D:10     | Identified the +1 great mace of Death {holy, rF+}
  7603 | D:10     | Noticed a two-headed ogre
  7604 | D:10     | Noticed a two-headed ogre
  8025 | D:11     | Found a gate leading to a gauntlet.
  8064 | Gauntlet | Entered a Gauntlet
  8064 | Gauntlet | Found a transporter.
  8064 | Gauntlet | Found a transporter.
  8065 | Gauntlet | Found a transporter.
  8065 | Gauntlet | Found a transporter.
  8068 | Gauntlet | Found a transporter.
  8068 | Gauntlet | Found a transporter.
  8077 | Gauntlet | Noticed a ghost crab
  8077 | Gauntlet | Noticed a hell beast
  8079 | Gauntlet | Found the brooch of Shielding {Reflect SH+8}
  8080 | Gauntlet | Found a transporter.
  8082 | Gauntlet | Found a transporter.
  8083 | Gauntlet | Found a transporter.
  8083 | Gauntlet | Found a transporter.
  8092 | Gauntlet | Noticed a thrashing horror
  8096 | Gauntlet | Found a transporter.
  8104 | Gauntlet | Found a transporter.
  8109 | Gauntlet | Noticed a thrashing horror
  8315 | Gauntlet | Killed a hell beast
  8315 | Gauntlet | Received a gift from Okawaru
  8534 | Gauntlet | Got a pair of steaming gloves
  8545 | Gauntlet | Identified the -3 pair of gloves of Eternity {rN+ rCorr
                  | Str+4 Slay+2} (You found it in a Gauntlet)
  8616 | Gauntlet | Noticed a minotaur
  8633 | Gauntlet | Killed a minotaur
  8648 | D:11     | Reached skill level 10 in Fighting
  8701 | D:11     | Found a snail-covered altar of Cheibriados.
  8747 | D:11     | Received a gift from Okawaru
  8750 | D:11     | Reached skill level 10 in Armour
  8844 | D:11     | Reached skill level 10 in Shields
  8873 | D:11     | Noticed a two-headed ogre
  8880 | D:11     | Killed a two-headed ogre
  8880 | D:11     | Reached skill level 13 in Polearms
  8903 | D:11     | Killed an unseen horror
  8903 | D:11     | Reached XP level 12. HP: 70/106 MP: 16/16
  8918 | D:11     | Noticed a two-headed ogre
  9093 | D:11     | Killed a two-headed ogre
  9310 | D:11     | Found a roughly hewn altar of Beogh.
  9310 | D:11     | Found a staircase to the Orcish Mines.
  9467 | D:12     | Noticed a two-headed ogre
  9475 | D:12     | Killed a two-headed ogre
 10273 | D:12     | Reached ****** piety under Okawaru
 10494 | D:12     | Received a gift from Okawaru
 10731 | D:12     | Reached skill level 14 in Polearms
 10967 | D:12     | Found a runed translucent door.
 10969 | D:12     | Noticed a yaktaur captain
 11045 | D:12     | Killed a yaktaur captain
 11329 | D:13     | Noticed Azrael
 11360 | D:13     | Killed Azrael
 11413 | D:13     | Noticed a centaur warrior
 11418 | D:13     | Killed a centaur warrior
 11418 | D:13     | Reached XP level 13. HP: 77/116 MP: 17/17
 11485 | D:13     | Noticed Urug
 11485 | D:13     | Noticed a red very ugly thing
 11505 | D:13     | Killed a red very ugly thing
 11512 | D:13     | Killed Urug
 11730 | D:13     | Reached skill level 15 in Polearms
 11831 | D:13     | Received a gift from Okawaru
 11833 | D:13     | Identified the Compendium of Creation and Air
 12331 | D:13     | Noticed Nessos
 12334 | D:13     | Killed Nessos
 12384 | D:13     | Noticed Josephine
 12401 | D:13     | Killed Josephine
 12588 | D:14     | Noticed a fire dragon
 12600 | D:14     | Killed a fire dragon
 12750 | D:14     | Found a gate to the Vaults.
 12750 | D:14     | Noticed an ironheart preserver
 12771 | D:14     | Killed an ironheart preserver
 12771 | D:14     | Received a gift from Okawaru
 12895 | D:14     | Found Winueb's Distillery.
 13404 | D:15     | Entered Level 15 of the Dungeon
 13489 | D:15     | Noticed Roxanne
 13504 | D:15     | Reached XP level 14. HP: 126/126 MP: 18/18
 13525 | D:15     | Reached skill level 16 in Polearms
 13931 | D:15     | Received a gift from Okawaru
 13945 | D:15     | Got a transparent hat {god gift}
 13954 | D:15     | Identified the +0 hat "Kuxuat Gau" {Str+3} (Okawaru gifted
                  | it to you on level 15 of the Dungeon)
 14188 | D:15     | Found a staircase to the Depths.
 14412 | D:15     | Found a white marble altar of Elyvilon.
 14582 | D:15     | Killed Roxanne
 14743 | Lair:1   | Entered Level 1 of the Lair of Beasts
 15602 | Lair:2   | Noticed Gastronok
 15614 | Lair:2   | Killed Gastronok
 16515 | Lair:3   | Got a bloodstained plate armour
 16526 | Lair:3   | Identified the cursed +0 plate armour of the Known World
                  | {*Slow rF+ Dex+2 Stlth+} (You found it on level 3 of the
                  | Lair of Beasts)
 16670 | Lair:3   | Reached skill level 10 in Dodging
 17253 | Lair:4   | Found a staircase to the Shoals.
 17380 | Lair:4   | Got an iridescent trident
 17382 | Lair:4   | Received a gift from Okawaru
 17389 | Lair:4   | Identified the +5 trident of Berch {antimagic, +Fly rN+
                  | Str+2 Int-2} (You found it on level 4 of the Lair of
                  | Beasts)
 17466 | Lair:4   | Found a hole to the Spider Nest.
 17941 | Lair:5   | Reached skill level 17 in Polearms
 18933 | Lair:6   | Entered Level 6 of the Lair of Beasts
 18969 | Lair:6   | Received a gift from Okawaru
 19101 | Lair:6   | Found a staircase to the Slime Pits.
 19101 | Lair:6   | Found a viscous altar of Jiyva.
 19116 | Lair:6   | Reached XP level 15. HP: 135/136 MP: 19/19
 19614 | Lair:6   | Found a blossoming altar of Fedhas.
 19632 | Lair:6   | Received a gift from Okawaru
 20540 | Orc:1    | Entered Level 1 of the Orcish Mines
 20540 | Orc:1    | Found a roughly hewn altar of Beogh.
 20588 | Orc:2    | Entered Level 2 of the Orcish Mines
 20641 | Orc:2    | Found Pinopn's Book Emporium.
 20684 | Orc:2    | Found Touclytu's Antique Armour Shop.
 20772 | Orc:2    | Found Vicw's General Store.
 20784 | Orc:2    | Found Binnemab's Food Emporium.
 21089 | Orc:2    | Reached skill level 18 in Polearms
 21127 | Orc:2    | Found Xaschof's Antique Armour Shop.
 21232 | Orc:2    | Found a staircase to the Elven Halls.
 21304 | Orc:2    | Bought the +2 hat of the Bear Spirit {Spirit, +Rage rN+
                  | MR++} for 1251 gold pieces
 21304 | Orc:2    | Found the +2 hat of the Bear Spirit {Spirit, +Rage rN+
                  | MR++}
 21326 | Orc:2    | Found Jaedub's General Store.
 21874 | Orc:2    | Found Boligrin's Book Shop.
 21874 | Orc:2    | Found Bimik's Antique Weapon Boutique.
 21883 | Orc:2    | Found a one-way gate leading to the halls of Pandemonium.
 22525 | Spider:1 | Entered Level 1 of the Spider Nest
 22820 | Spider:1 | Reached skill level 1 in Axes
 22847 | Spider:1 | Received a gift from Okawaru
 22856 | Spider:1 | Killed a ghost moth
 23081 | Spider:1 | Noticed Agnes
 23089 | Spider:1 | Killed Agnes
 23109 | Spider:1 | Reached XP level 16. HP: 118/146 MP: 16/20
 23587 | Spider:2 | Reached skill level 5 in Axes
 24719 | Spider:3 | Received a gift from Okawaru
 25066 | Spider:3 | Reached skill level 15 in Fighting
 25114 | Spider:3 | Reached skill level 15 in Armour
 25488 | Spider:3 | Received a gift from Okawaru
 25842 | Spider:4 | Entered Level 4 of the Spider Nest
 25863 | Spider:4 | Noticed Asterion
 26201 | Spider:3 | Killed Asterion
 26627 | Spider:4 | Noticed Nikola
 26639 | Spider:4 | Killed Nikola
 26879 | Spider:4 | Reached skill level 10 in Axes
 26896 | Spider:4 | HP: 6/149 [jumping spider (14)]
 26901 | Spider:4 | Slain by a wolf spider

Skill      XL: |  1  2  3  4  5  6  7  8  9 10 11 12 13 14 15 16 |
---------------+-------------------------------------------------+-----
Polearms       | 3 4 5 6 7 8 10 11 13 14 15 17 18 | 18.4
Fighting       | 4 5 6 7 8 9 10 11 12 13 14 15 | 15.3
Armour         | 4 5 6 7 8 9 10 11 12 13 14 15 | 15.3
Shields        | 4 5 6 7 8 9 10 11 12 13 14 | 14.0
Invocations    | 1 2 4 5 6 7 |  7.0
Dodging        | 2 4 6 7 9 10 11 12 | 12.0
Axes           | 3 10 | 10.0

Action                   |  1- 3 |  4- 6 |  7- 9 | 10-12 | 13-15 | 16-18 || total
-------------------------+-------+-------+-------+-------+-------+-------++-------
Melee: Trident           |    31 |       |   251 |   645 |    92 |       ||  1019
       Headbutt          |     6 |    20 |    64 |   185 |   296 |    91 ||   662
       Short sword       |    53 |   152 |    71 |     6 |       |       ||   282
       Glaive            |       |       |       |   265 |       |       ||   265
       Demon trident     |       |       |       |       |  1258 |   408 ||  1666
Throw: Javelin           |       |       |       |    14 |       |       ||    14
       Throwing net      |       |       |       |     1 |       |       ||     1
Invok: Heroism           |       |       |       |     3 |     2 |     1 ||     6
Evoke: Wand              |       |       |     2 |       |       |     1 ||     3
       Lamp of fire      |       |       |       |       |       |     1 ||     1
  Use: Potion            |       |     1 |       |       |     1 |     4 ||     6
       Scroll            |       |       |    16 |     5 |    11 |     4 ||    36
 Stab: Petrified         |       |       |       |       |     2 |       ||     2
  Eat: Chunk             |       |     5 |     5 |    14 |    14 |     1 ||    39
       Ration            |       |       |     2 |     2 |     8 |     3 ||    15
Armor: Scale mail        |    28 |    69 |    41 |       |       |       ||   138
       Crystal plate arm |       |       |    24 |   363 |   272 |   333 ||   992
       Chain mail        |       |       |     9 |       |       |       ||     9
Dodge: Dodged            |    28 |    38 |    37 |    97 |   140 |   196 ||   536
Block: Shield            |    45 |   119 |   148 |   345 |   733 |   498 ||  1888
       Reflection        |       |     4 |     2 |    22 |    39 |       ||    67
       Other             |       |       |       |    49 |       |       ||    49
